 Dungeon Crawl Stone Soup version 0.25-a0-549-g6e6e6501ad (webtiles) character file.

Game seed: 10544555349263060179, levelgen mode: deterministic

14 Forecaster the Magician (level 2, -3/22 HPs)
             Began as a Naga Wizard on Feb 23, 2020.
             Slain by a hobgoblin
             ... wielding a +0 club
              (6 damage)
             ... on level 1 of the Dungeon.
             The game lasted 00:04:41 (827 turns).

Forecaster the Magician (Naga Wizard)                Turns: 827, Time: 00:04:41

Health: -3/22      AC:  1    Str:  9    XL:     2   Next: 45%
Magic:  2/6        EV: 10    Int: 18    God:
Gold:   25         SH:  0    Dex:  9    Spells: 2/7 levels left

rFire    . . .     SeeInvis +   o - +0 dagger
rCold    . . .     Gourm    .   (no shield)
rNeg     . . .     Faith    .   g - +0 robe
rPois    +         Spirit   .   b - +0 hat
rElec    .         Reflect  .   (no cloak)
rCorr    .         Harm     .   (no gloves)
MR       .....                  (no barding)
Stlth    ++........             (no amulet)
HPRegen  0.07/turn              (no ring)
MPRegen  0.10/turn              (no ring)

@: very slightly contaminated, very slow
A: large, see invisible, deformed body, poison resistance, slowness 2, slow
metabolism 1, spit poison 1, AC +0
a: Spit Poison


You were on level 1 of the Dungeon.
You were not hungry.

You visited 1 branch of the dungeon, and saw 1 of its levels.

You collected 25 gold pieces.

Inventory:

Hand Weapons
 i - a +0 club
 j - a +0 club
 o - a +0 dagger (weapon)
Missiles
 f - 66 arrows
 k - 22 bolts
Armour
 a - a +0 robe
 b - a +0 hat (worn)
 g - a +0 robe (worn)
Jewellery
 p - an uncursed ring of magical power {unknown}
Scrolls
 c - 2 scrolls of enchant weapon {unknown}
 e - a scroll of enchant armour {unknown}
 h - a scroll of fear {unknown}
 l - a scroll of teleportation {unknown}
 n - 3 scrolls of identify {unknown}
Potions
 q - a potion of stabbing {unknown}
 r - a potion of heal wounds {unknown}
Comestibles
 d - 2 rations
 m - 7 chunks of flesh


   Skills:
 + Level 0.1 Fighting
 + Level 0.1 Maces & Flails
 + Level 1.8 Dodging
 + Level 3.1 Stealth
 + Level 3.3 Spellcasting
 + Level 1.1 Conjurations
 + Level 1.0 Summonings
 + Level 1.0 Translocations


You had 2 spell levels left.
You knew the following spells:

 Your Spells              Type           Power        Failure   Level  Hunger
a - Magic Dart            Conj           #...         10%         1    None
b - Call Imp              Summ           #.......     16%         2    ##.....
c - Blink                 Tloc           N/A          16%         2    ##.....

Your spell library contained the following spells:

 Spells                   Type           Power        Failure   Level  Hunger
 Slow                     Hex            #.......     24%         2    ##.....
 Conjure Flame            Conj/Fire      #.......     36%         3    ###....
 Mephitic Cloud           Conj/Pois/Air  #.......     38%         3    ###....


Dungeon Overview and Level Annotations

Branches:
Dungeon (1/15)

Altars:


Innate Abilities, Weirdness & Mutations

You cannot wear boots.
Your serpentine skin is tough. (AC +0)
You have supernaturally acute eyesight. (SInv)
Armour fits poorly on your strangely shaped body.
Your system is resistant to poisons. (rPois)
You cover ground very slowly.
You have a slow metabolism.
You can spit poison.


Message History

The hobgoblin closely misses your crimson imp.
Your crimson imp blinks!
Your crimson imp barely misses the hobgoblin.
You closely miss the hobgoblin. The hobgoblin hits you with a +0 club.
You hit the hobgoblin.
The hobgoblin is lightly wounded.
Your crimson imp barely misses the hobgoblin.
The hobgoblin barely misses you.
You closely miss the hobgoblin.
The hobgoblin is lightly wounded.
Your crimson imp hits the hobgoblin.
You hit the hobgoblin.
The hobgoblin is heavily wounded.
The hobgoblin hits you with a +0 club!
* * * LOW HITPOINT WARNING * * *
Your crimson imp hits the hobgoblin.
You barely miss the hobgoblin.
The hobgoblin is severely wounded.
The hobgoblin hits you with a +0 club.
You die...

# ##.....#### #
#.#...÷.....# #
#.#.........##
#
#.#........≈≈≈
#
#.#........≈≈≈P
##
#.#.........≈≈≈
.#
#5##....#...≈≈≈
.##
#g##....#...≈≈
..#
#.@'....#...P≈
..# ####...##
..PP ..#P ..###
.≈≈ .PP. ...#


PPP♣ .... ≈≈♣≈ ♣.♣. ≈♣PPP ≈≈ P. ≈♣P≈. ≈P ♣PPP You could see a hobgoblin and a
friendly crimson imp.

Vanquished Creatures
  A leopard gecko (D:1)
  A giant cockroach (D:1)
  A hobgoblin (D:1)
  3 bats (D:1)
  A frilled lizard (D:1)
  2 kobolds (D:1)
  A rat (D:1)
10 creatures vanquished.

Vanquished Creatures (collateral kills)
  5 jackals (D:1)
  A kobold (D:1)
  A rat (D:1)
7 creatures vanquished.

Grand Total: 17 creatures vanquished

Notes
Turn   | Place    | Note
-------+----------+-------------------------------------------
     0 | D:1      | Forecaster the Naga Wizard began the quest for the Orb.
     0 | D:1      | Reached XP level 1. HP: 15/15 MP: 4/4
   295 | D:1      | Reached XP level 2. HP: 10/22 MP: 0/6
   302 | D:1      | Learned a level 2 spell: Call Imp
   305 | D:1      | Learned a level 2 spell: Blink
   827 | D:1      | Slain by a hobgoblin

Levels and vault maps discovered:
D:1:      psy_arrival_radial01, layout_basic, serial_bayou,
          serial_bayou_lagoon_a, serial_bayou_pond_b, serial_bayou_shore_a,
          serial_bayou_ford_a

Action                   || total
-------------------------++-------
Melee: Unarmed           ||    26
       Club              ||    30
       Dagger            ||     5
 Cast: Magic Dart        ||    25
       Call Imp          ||     7
Armor: Robe              ||    22
Dodge: Dodged            ||    63

Table legend:
 A = Non-vault XP
 B = Vault XP
 C = Vault XP percentage of total XP
 D = Non-vault monster count
 E = Vault monster count
 F = Vault count percentage of total count
                 A         B        C        D         E       F
            +---------+---------+-------+---------+---------+-------
      Total |      21 |       0 |   0.0 |      17 |       0 |   0.0
            +---------+---------+-------+---------+---------+-------
        D:1 |      21 |       0 |   0.0 |      17 |       0 |   0.0
            +---------+---------+-------+---------+---------+-------
